 Dungeon Crawl Stone Soup version 0.30.1-4-g462c640d31 (webtiles) character file.

Game seed: 2991226217201541757

10519 Peloso the Carver (level 11, -11/97 HPs)
             Began as a Minotaur Fighter on Aug 19, 2023.
             Was a Believer of Okawaru.
             Mangled by an orc knight
             ... wielding a +0 glaive
              (34 damage)
             ... in a bailey.
             The game lasted 00:22:13 (11289 turns).

Peloso the Carver (Minotaur Fighter)               Turns: 11289, Time: 00:22:14

Health: -11/97     AC: 23    Str: 27    XL:     11   Next: 37%
Magic:  9/10       EV:  9    Int:  5    God:    Okawaru [**....]
Gold:   709        SH:  6    Dex: 14    Spells: 10/10 levels left

rFire   . . .        a - +2 falchion (holy)
rCold   + . .        d - +0 buckler
rNeg    . . .        H - +0 plate armour
rPois   .            D - +1 hat
rElec   .            J - +0 cloak
rCorr   .            q - +2 pair of gloves
SInv    .            n - +0 pair of boots
Will    .....        (no amulet) Stlth
                     m - +6 ring of strength
HPRegen 0.36/turn    e - ring of protection from cold
MPRegen 0.12/turn

%: no passive effects
@: mighty, about to teleport
A: horns 2, retaliatory headbutt
a: Renounce Religion, Heroism


You were in a bailey.
You worshipped Okawaru.
Okawaru was pleased with you.
You visited 2 branches of the dungeon, and saw 11 of its levels.
You also visited: Bailey.

You collected 709 gold pieces.

Inventory:

Hand Weapons
 a - a +2 falchion of holy wrath (weapon)
 b - a +1 short sword of flaming
 c - the +6 spear of Sagicwoi {freeze, Dex+9}
   (You found it on level 10 of the Dungeon)

   Dex:       It affects your dexterity (+9).
Armour
 d - a +0 buckler (worn)
 n - a +0 pair of boots (worn)
 q - a +2 pair of gloves (worn)
 D - a +1 hat (worn)
 G - a +0 chain mail
 H - a +0 plate armour (worn)
 J - a +0 cloak (worn)
Jewellery
 e - a ring of protection from cold (right hand)
 m - a +6 ring of strength (left hand)
 B - a +6 ring of strength
Wands
 p - a wand of digging (3)
 A - a wand of polymorph (4)
Scrolls
 i - 3 scrolls of blinking {unknown}
 j - 2 scrolls of noise {unknown}
 o - 4 scrolls of immolation {unknown}
 r - 4 scrolls of teleportation
 s - 2 scrolls of amnesia {unknown}
 t - 2 scrolls of fear {unknown}
 u - a scroll of fog
 v - 4 scrolls of torment {unknown}
 x - a scroll of magic mapping
 y - a scroll of enchant armour
 E - a scroll of enchant weapon
 F - a scroll of silence {unknown}
 I - a scroll of brand weapon {unknown}
Potions
 f - a potion of might
 g - 4 potions of ambrosia
 h - 4 potions of curing
 w - 3 potions of mutation
 z - 2 potions of lignification
 C - 2 potions of flight {unknown}


   Skills:
 + Level 9.2 Fighting
 + Level 13.1 Long Blades
 + Level 12.2 Armour
 + Level 4.2 Dodging
 + Level 1.6 Stealth
 + Level 8.1 Shields
 + Level 0.9 Invocations
 + Level 1.3 Evocations


You had 10 spell levels left.
You didn't know any spells.
Your spell library contained the following spells:

 Spells                   Type           Power      Damage    Failure   Level
 Sting                    Tmut/Pois      0%         1d3       99%         1
 Ensorcelled Hibernation  Hex/Ice        0%         N/A       100%        2
 Poisonous Vapours        Pois/Air       0%         N/A       100%        2
 Gell's Gravitas          Tloc           0%         N/A       100%        3
 Spider Form              Tmut/Pois      0%         N/A       100%        3
 Teleport Other           Tloc           0%         N/A       100%        3
 Anguish                  Hex/Necr       0%         N/A       100%        4
 Olgreb's Toxic Radiance  Pois           0%         N/A       100%        4
 Dispersal                Tloc           0%         N/A       100%        6


Dungeon Overview and Level Annotations

Branches:
Dungeon (10/15)            Temple (1/1) D:5             Orc (0/2) D:9
 Bailey (1/1)
   Lair: D:8-11

Altars:
Ashenzari
Cheibriados
Dithmenos
Elyvilon
Fedhas
Gozag
Hepliaklqana
Kikubaaqudgha
Makhleb
Nemelex Xobeh
Okawaru
Qazlal
Ru
Sif Muna
Trog
Uskayaw
Vehumet
Wu Jian
Xom
Yredelemnul
Zin
The Shining One

Shops:
D:3 (   D:7 :   D:9 [*

Annotations:
D:2 1 runed translucent door, Crazy Yiuf
D:4 dig


Innate Abilities, Weirdness & Mutations

You have a pair of horns on your head.
You reflexively headbutt those who attack you in melee.


Message History

Unknown command.
You barely miss the orc knight.
The orc knight is severely wounded.
You feel like a meek peon again.
Unknown command.
You hit the orc knight. You headbutt the orc knight!
The orc knight is almost dead.
You block the orc knight's attack.
The orc warrior hits you but does no damage.
The orc knight hits you with a +0 halberd!
* * * LOW HITPOINT WARNING * * *
Unknown command.
You feel much better.
The orc knight hits you from afar with a +0 glaive!!
* * * LOW HITPOINT WARNING * * *
The orc warrior hits you with a +0 halberd.
* * * LOW HITPOINT WARNING * * *
You block the orc knight's attack.
Unknown command.
Okay, then.
You feel much better. You block the orc knight's attack.
The orc warrior hits you with a +0 halberd.
The orc knight hits you but does no damage.
Okay, then.
You hit the orc knight. Your headbutt misses the orc knight.
The orc knight is almost dead.
The orc knight hits you from afar with a +0 glaive!
* * * LOW HITPOINT WARNING * * *
The orc warrior hits you but does no damage.
The orc knight hits you with a +0 halberd!
* * * LOW HITPOINT WARNING * * *
You feel much better.
The orc knight hits you but does no damage.
The orc warrior hits you with a +0 halberd!
* * * LOW HITPOINT WARNING * * *
The orc knight hits you but does no damage.
As you read the scroll of teleportation, it crumbles to dust.
You feel strangely unstable.
The orc knight hits you from afar with a +0 glaive!!
You die...

..~≈≈~≈≈≈~~~#########~~~≈≈≈~≈≈~..
..~~~~~~~~~##~~~~~~~##~~~~~~~~~..
..~~~~~~~~##~~#'#'#~~##~~~~~~~~..
..~~~~~~~~#~~##)#)##~~#~~~~~~~~..
..~~~~~~~##~#########~##~~~~~~~..
..~~~~~~~##~'.#:.?#)'~##~~~~~~~..
..~~~~~~~##~###.o.###~##~~~~~~~..
..~~~~~~~##~')#.oo#.'~##~~~~~~~..
..~~~~~~~##~####@####~##~~~~~~~..
..~~~~~~~##~~##∩)∩##~~#~~~~~~~~..
..~~~~~~~~~~~##'''#~~##~~~~~~~~..
..~~~~~~~~~~~##~~~~~##~~~~~~~~~..
..~≈≈~≈≈≈~~~~##~~~~##~~~≈≈≈~≈≈~..
..≈≈#)##≈~~~~#######~~~~≈##.#≈≈..
..≈##)∩#≈~~~~~~~~~~~~~~~≈#∩.##≈..
..≈#....~~~~~~~~~~~~~~~))))..#≈..
..≈##.##≈~~~~~~~~~~~~~~~≈##.##≈..


You could see 2 orc knights and an orc warrior (strong).

Vanquished Creatures
  Gastronok (D:8)
  2 two-headed ogres
  Maurice (D:8)
  A kobold demonologist (D:10)
  2 hornets
  A shadow (D:9)
  A wyvern (D:9)
  A wraith (D:10)
  4 vampire mosquitoes (D:9)
  3 yaks (D:9)
  3 steam dragons
  Menkaure (D:5)
  A water moccasin (D:7)
  An acid dragon (D:9)
  A sky beast (D:7)
  A swamp drake (D:9)
  2 ice beasts
  16 orc warriors
  2 black bears
  6 ogres
  2 centaurs (D:8)
  4 phantoms
  2 kobold brigands (D:9)
  4 bullfrogs
  5 scorpions
  3 wights (D:7)
  A killer bee (D:9)
  An electric eel (D:9)
  A howler monkey (D:8)
  3 hounds
  3 gnoll boudas
  8 orc priests
  4 jellies
  Natasha (twice) (D:2)
  6 iguanas
  9 orc wizards
  10 gnolls
  11 adders
  2 shadow imps
  A worm (D:5)
  2 dart slugs
  50 orcs
  11 ball pythons
  9 endoplasms
  5 hobgoblins
  9 kobolds
  4 quokkas
  4 bats
  A frilled lizard (D:3)
  6 goblins
  5 rats
239 creatures vanquished.

Vanquished Creatures (others)
  An orc (Bailey)
1 creature vanquished.

Grand Total: 240 creatures vanquished

Notes
Turn   | Place    | Note
-------+----------+-------------------------------------------
     0 | D:1      | Peloso the Minotaur Fighter began the quest for the Orb.
     0 | D:1      | Reached XP level 1. HP: 19/19 MP: 0/0
   193 | D:1      | Reached XP level 2. HP: 27/27 MP: 1/1
   824 | D:2      | Reached XP level 3. HP: 33/33 MP: 2/2
   883 | D:2      | Found a runed translucent door.
   884 | D:2      | Noticed Crazy Yiuf
   911 | D:2      | Noticed Natasha
   918 | D:2      | Killed Natasha
   919 | D:2      | Reached skill level 3 in Long Blades
   947 | D:2      | Found a faded altar of an unknown god.
  1234 | D:2      | Noticed Natasha
  1236 | D:2      | Reached XP level 4. HP: 30/41 MP: 3/3
  1240 | D:2      | Killed Natasha
  1869 | D:3      | Found a hide-covered altar of Uskayaw.
  2059 | D:3      | Reached skill level 5 in Armour
  2092 | D:3      | Reached XP level 5. HP: 47/47 MP: 4/4
  2135 | D:3      | Reached skill level 4 in Long Blades
  2407 | D:3      | Found Ficlatuo's Antique Weapon Boutique.
  2617 | D:4      | Noticed a phantom
  2628 | D:4      | Killed a phantom
  2723 | D:4      | Found a burning altar of Makhleb.
  2723 | D:4      | Noticed an ogre
  2734 | D:4      | Killed an ogre
  2735 | D:4      | Reached skill level 5 in Long Blades
  2735 | D:4      | Reached XP level 6. HP: 53/53 MP: 5/5
  2767 | D:4      | Found an ornate altar of the Wu Jian Council.
  2827 | D:4      | Found a glowing silver altar of Zin.
  3079 | D:4      | Found a shadowy altar of Dithmenos.
  3213 | D:4      | Reached skill level 1 in Dodging
  3389 | D:5      | Entered Level 5 of the Dungeon
  3451 | D:5      | Reached XP level 7. HP: 52/60 MP: 6/6
  3610 | D:5      | Noticed Menkaure
  3635 | D:5      | Killed Menkaure
  3636 | D:5      | Reached skill level 5 in Fighting
  3636 | D:5      | Reached skill level 6 in Long Blades
  3875 | D:5      | Found a staircase to the Ecumenical Temple.
  3982 | Temple   | Entered the Ecumenical Temple
  4323 | D:5      | Reached skill level 7 in Long Blades
  4366 | D:5      | Reached skill level 1 in Stealth
  4366 | D:5      | Reached XP level 8. HP: 61/69 MP: 7/7
  4509 | D:5      | Reached skill level 5 in Shields
  4515 | D:5      | Reached skill level 8 in Long Blades
  4817 | D:5      | Found a broken altar of Ashenzari.
  4900 | D:6      | Found an opulent altar of Gozag.
  5462 | D:6      | Noticed a hornet
  5470 | D:6      | Paralysed by a hornet for 3 turns
  5481 | D:5      | Killed a hornet
  5828 | D:6      | Reached XP level 9. HP: 68/77 MP: 8/8
  6098 | D:6      | Reached skill level 9 in Long Blades
  6500 | D:6      | Found a sparkling altar of Nemelex Xobeh.
  6684 | D:7      | Reached skill level 10 in Armour
  6732 | D:7      | Found an ancient bone altar of Kikubaaqudgha.
  6758 | D:7      | Reached skill level 10 in Long Blades
  6926 | D:7      | Found Weddomobb's Book Shop.
  7464 | D:8      | Noticed Gastronok
  7480 | D:8      | Killed Gastronok
  7481 | D:8      | Reached skill level 11 in Long Blades
  7481 | D:8      | Reached XP level 10. HP: 50/86 MP: 9/9
  7911 | D:8      | Found an iron altar of Okawaru.
  7919 | D:8      | Became a worshipper of Warmaster Okawaru
  8102 | D:8      | Noticed Maurice
  8132 | D:8      | Killed Maurice
  8802 | D:9      | Reached * piety under Okawaru
  9044 | D:9      | Reached skill level 12 in Long Blades
  9503 | D:9      | Reached ** piety under Okawaru
  9798 | D:9      | Found a staircase to the Orcish Mines.
  9900 | D:9      | Reached XP level 11. HP: 84/95 MP: 10/10
  9930 | D:9      | Found Pulantil's Assorted Antiques.
  9935 | D:9      | Found Ycroimn's Armour Boutique.
  9948 | D:9      | Noticed a two-headed ogre
  9956 | D:9      | Killed a two-headed ogre
  9957 | D:9      | Reached skill level 1 in Evocations
 10302 | D:10     | Entered Level 10 of the Dungeon
 10302 | D:10     | Noticed a two-headed ogre
 10312 | D:10     | Killed a two-headed ogre
 10319 | D:10     | Found a glowing golden altar of the Shining One.
 10477 | D:10     | Reached skill level 13 in Long Blades
 10528 | D:10     | Found a flagged portal.
 10555 | D:10     | Identified the +6 spear of Sagicwoi {freeze, Dex+9}
 10617 | Bailey   | Entered a bailey
 11269 | Bailey   | Identified the +8 executioner's axe "Tuthrini" {heavy,
                  | Contam rN+ Int+7 Dex-4}
 11272 | Bailey   | Noticed an orc knight
 11272 | Bailey   | Noticed an orc knight
 11289 | Bailey   | Mangled by an orc knight

Illustrated notes

Levels and vault maps discovered:
D:1:      dpeg_arrival_simpleton_a, layout_loops_ring, minmay_stone_trees_small
D:2:      layout_loops_ring, basic_ecumenical_altar, uniq_crazy_yiuf_cottage,
          uniq_natasha
D:3:      layout_basic, nicolae_uskayaw_murder_on_the_dancefloor, serial_shops,
          shop
D:4:      layout_basic, zin_treasury, lemuel_crystal_altar,
          nicolae_wu_jian_wuxing_cycle, lightli_temple_of_fire
D:5:      layout_cave_pods, temple_green, serial_park, serial_park_tiny_2,
          serial_park_paths [serial_park_minivault_5x5_1],
          serial_park_tiny_pond, serial_park_square3
          [serial_park_minivault_5x5_7], serial_park_gazebo
          [serial_park_minivault_5x5_6], serial_park_square3
          [serial_park_minivault_5x5_2], uniq_menkaure
D:6:      layout_gridville, mainiacjoe_overflow_alcove_4,
          nicolae_gozag_seed_capital, hellmonk_bongcloud_opening
D:7:      layout_basic, lemuel_tele_altar, serial_shops, kennysheep_mini
D:8:      layout_basic, kennysheep_okawaru_gauntlet, uniq_gastronok,
          uniq_maurice
D:9:      layout_basic, erik_orc_2, nicolae_wooded_promenade
D:10:     wander_river, layout_rooms, mainiacjoe_overflow_surrounded_room,
          enter_bailey_2, nicolae_diode_basic
Temple:   hellmonk_temple_forest_ring
Bailey:   bailey_polearm_2, bailey

Skill      XL: |  1  2  3  4  5  6  7  8  9 10 11 |
---------------+----------------------------------+-----
Fighting       | 4 5 6 7 8 9 |  9.2
Armour         | 4 5 6 7 9 10 11 12 | 12.2
Long Blades    | 3 5 7 8 11 12 13 | 13.1
Shields        | 4 5 6 7 8 |  8.1
Dodging        | 1 2 3 4 |  4.2
Stealth        | 1 |  1.6
Evocations     | 1 |  1.3
Invocations    | |  0.9

Action                     |  1- 3 |  4- 6 |  7- 9 | 10-12 || total
---------------------------+-------+-------+-------+-------++-------
  Melee: Long sword        |    67 |   114 |   221 |       ||   402
         Headbutt          |     8 |    19 |    63 |   102 ||   192
         Falchion          |       |       |    72 |   462 ||   534
 Invoke: Heroism           |       |       |       |     4 ||     4
  Evoke: Wand              |       |       |       |    12 ||    12
    Use: Potion            |     2 |     3 |     2 |     5 ||    12
         Scroll            |       |       |       |     9 ||     9
 Armour: Scale mail        |    34 |    57 |    28 |       ||   119
         Chain mail        |       |       |   172 |    77 ||   249
         Plate armour      |       |       |       |   126 ||   126
  Dodge: Dodged            |    31 |    37 |   132 |   150 ||   350
  Block: Buckler           |    10 |    21 |    73 |   106 ||   210
